 Dungeon Crawl Stone Soup version 0.23.0 (webtiles) character file.

Game seed: 7682174827507701629

755940 inmateoo the Gnoll Aeon (level 27, 0/257 (258) HPs)
             Began as a Gnoll Skald on Feb 12, 2019.
             Was the Champion of Cheibriados.
             Killed from afar by Lom Lobon (53 damage)
             ... with a great icy blast
             ... in Pandemonium.
             The game lasted 02:07:01 (51339 turns).

inmateoo the Gnoll Aeon (Gnoll Skald)              Turns: 51339, Time: 02:07:02

HP:   0/257 (258)   AC: 39    Str: 28    XL:     27
MP:   21/59         EV: 42    Int: 41    God:    Cheibriados [******]
Gold: 8114          SH: 31    Dex: 38    Spells: 5/64 levels left

rFire    + . .     SeeInvis .     - Unarmed
rCold    + + +     Gourm    .   B - +0 large shield of Bitterness {rC++ Str-3}
rNeg     + . .     Faith    .   (armour currently unavailable)
rPois    ∞         Spirit   .   k - +2 hat
rElec    +         Reflect  +   Q - +2 cloak {MR+}
rCorr    .         Harm     .   (gloves currently unavailable)
MR       +++..     Rnd*Rage +   (boots currently unavailable)
Stlth    +++++++++.             q - amulet of Adoaxo {Reflect MP+9 Dex+6 SH+6}
HPRegen  0.52/turn              g - +5 ring of evasion
MPRegen  0.36/turn              S - ring of Serendipity {Wiz MP+9}

@: about to teleport, statue-form, deflect missiles, very slow
A: distributed training, fangs 1, repulsion field 1, camouflage 1, berserk 1,
blink, blurry vision 1, clever 1, cold resistance 1, fire resistance 1, frail 1,
low mp 1, strong nose
}: 6/15 runes: decaying, serpentine, slimy, silver, golden, abyssal
a: End Transformation, Blink, Bend Time, Temporal Distortion, Slouch, Step From
Time, Renounce Religion


You were in Pandemonium.
You worshipped Cheibriados.
Cheibriados was exalted by your worship.
You were very full.
You were a stone statue.
You visited 11 branches of the dungeon, and saw 53 of its levels.
You visited Pandemonium 1 time, and saw 7 of its levels.
You visited the Abyss 1 time.
You also visited: Gauntlet.

You collected 12252 gold pieces.
You spent 4138 gold pieces at shops.

Inventory:

Armour
 a - the +0 large shield "Viseov" {rPois rCorr Slay+3}
   (You acquired it on level 1 of the Vaults)

   It affects your accuracy and damage with ranged weapons and melee attacks
   (+3).
   It protects you from poison.
   It provides partial protection from all sources of acid and corrosion.
 k - a +2 hat (worn)
 z - a +2 pair of gloves of strength (melded)
 B - the +0 large shield of Bitterness (worn) {rC++ Str-3}
   (You found it on level 5 of the Pits of Slime)

   It affects your strength (-3).
   It greatly protects you from cold.
 H - a +2 pair of boots (melded)
 Q - a +2 cloak of magic resistance (worn)
 V - the cursed +0 ring mail of Benevolence (melded) {rElec MR+ Int+6 Slay+2}
   (You bought it in a shop on level 2 of the Vaults)

   It affects your intelligence (+6).
   It affects your accuracy and damage with ranged weapons and melee attacks
   (+2).
   It insulates you from electricity.
   It affects your resistance to hostile enchantments.
   It has a curse placed upon it.
Magical Staves
 D - an uncursed staff of earth
 O - an uncursed staff of wizardry (quivered)
Jewellery
 g - a +5 ring of evasion (left hand)
 q - the amulet of Adoaxo (around neck) {Reflect MP+9 Dex+6 SH+6}
   (You found it on level 5 of the Vaults)

   [amulet of reflection]

   It shields you and reflects attacks.
   It affects your dexterity (+6).
   It affects your magic capacity (+9).
   It affects your SH (+6).
 t - an uncursed ring of see invisible
 E - an uncursed ring of protection from fire
 S - the ring of Serendipity (right hand) {Wiz MP+9}
   (You found it in a Gauntlet)

   [ring of wizardry]

   It improves your spell success rate.
   It affects your magic capacity (+9).
 Y - the ring "Alutud" {Fire MR+}
   (You took it off a minotaur in a Gauntlet)

   [ring of fire]

   It enhances your fire magic.
   It protects you from fire.
   It makes you vulnerable to cold.
   It affects your resistance to hostile enchantments.
Wands
 b - a wand of clouds (4)
 h - a wand of acid (67)
 n - a wand of paralysis (30)
 y - a wand of disintegration (70)
 A - a wand of scattershot (5)
 I - a wand of digging (22)
 N - a wand of iceblast (28)
Scrolls
 e - 25 scrolls of remove curse
 f - 8 scrolls of enchant armour
 l - 8 scrolls of fog
 p - 7 scrolls of magic mapping
 r - 2 scrolls of summoning
 s - 20 scrolls of teleportation
 u - 3 scrolls of fear
 w - 14 scrolls of identify
 F - a scroll of holy word
 J - 3 scrolls of blinking
 K - 9 scrolls of amnesia
 L - 12 scrolls of immolation
Potions
 d - 6 potions of heal wounds
 i - 10 potions of brilliance
 j - 4 potions of ambrosia
 m - a potion of resistance
 o - 11 potions of flight
 v - 11 potions of might
 x - 3 potions of mutation
 C - 23 potions of curing
 G - 9 potions of agility
 W - 3 potions of invisibility
 X - a potion of cancellation
 Z - a potion of magic
Miscellaneous
 M - 4 phantom mirrors
 P - a phial of floods
 R - a lamp of fire
 T - 2 boxes of beasts
 U - a lightning rod (4/4)
Comestibles
 c - 89 rations


   Skills:
 + Level 19.4 Fighting
 + Level 19.0 Short Blades
 + Level 19.0 Long Blades
 + Level 19.0 Axes
 + Level 19.0 Maces & Flails
 + Level 19.0 Polearms
 + Level 19.0 Staves
 + Level 19.4 Slings
 + Level 19.0 Bows
 + Level 19.0 Crossbows
 + Level 19.0 Throwing
 + Level 19.1 Armour
 + Level 19.4 Dodging
 + Level 19.0 Stealth
 + Level 19.0 Shields
 + Level 19.4 Unarmed Combat
 + Level 19.4 Spellcasting
 + Level 16.4 Conjurations
 + Level 16.4 Hexes
 + Level 17.1 Charms
 + Level 16.4 Summonings
 + Level 16.4 Necromancy
 + Level 16.4 Translocations
 + Level 16.4 Transmutations
 + Level 16.4 Fire Magic
 + Level 16.4 Ice Magic
 + Level 16.4 Air Magic
 + Level 16.4 Earth Magic
 + Level 16.4 Poison Magic
 + Level 20.4 Invocations
 + Level 19.0 Evocations


You had 5 spell levels left.
You knew the following spells:

 Your Spells              Type           Power        Failure   Level  Hunger
a - Regeneration          Chrm/Necr      ########..   0%          3    None
b - Statue Form           Tmut/Erth      ########.    1%          6    None
c - Shroud of Golubria    Chrm/Tloc      ########..   0%          2    None
d - Song of Slaying       Chrm           ########     0%          2    None
e - Borgnjor's Vile Clut  Necr/Erth      ########..   1%          5    None
f - Infusion              Chrm           ####         0%          1    None
g - Olgreb's Toxic Radia  Pois           ########     0%          4    None
h - Aura of Abjuration    Summ           ########..   1%          5    None
i - Summon Forest         Summ/Tloc      ########..   1%          5    None
j - Apportation           Tloc           ######       0%          1    None
k - Shadow Creatures      Summ           N/A          1%          6    None
l - Summon Lightning Spi  Summ/Air       ########     0%          4    None
m - Deflect Missiles      Chrm/Air       ########..   1%          6    None
n - Shatter               Erth           ########..   52%         9    #####..

Your spell library contained the following spells:

 Spells                   Type           Power        Failure   Level  Hunger
 Animate Skeleton         Necr           N/A          0%          1    None
 Beastly Appendage        Tmut           ######       0%          1    None
 Confusing Touch          Hex            ######       0%          1    None
 Corona                   Hex            #######      0%          1    None
 Flame Tongue             Conj/Fire      #####        0%          1    None
 Freeze                   Ice            ####         0%          1    None
 Magic Dart               Conj           ####         0%          1    None
 Pain                     Necr           ####         0%          1    None
 Sandblast                Erth           ######       0%          1    None
 Sting                    Conj/Pois      ####         0%          1    None
 Summon Small Mammal      Summ           ####         0%          1    None
 Call Imp                 Summ           ########     0%          2    None
 Ensorcelled Hibernation  Hex/Ice        ######       0%          2    None
 Poisonous Vapours        Pois/Air       ######       0%          2    None
 Slow                     Hex            ########     0%          2    None
 Sticks to Snakes         Tmut           ########     0%          2    None
 Sublimation of Blood     Necr           ########..   0%          2    None
 Throw Flame              Conj/Fire      ######       0%          2    None
 Throw Frost              Conj/Ice       ######       0%          2    None
 Call Canine Familiar     Summ           ########     0%          3    None
 Confuse                  Hex            ########     0%          3    None
 Conjure Flame            Conj/Fire      ########     0%          3    None
 Dazzling Spray           Conj/Hex       ######       0%          3    None
 Gell's Gravitas          Tloc           ########..   0%          3    None
 Ignite Poison            Fire/Tmut/Pois ########     0%          3    None
 Inner Flame              Hex/Fire       ########     0%          3    None
 Mephitic Cloud           Conj/Pois/Air  ########     0%          3    None
 Ozocubu's Armour         Chrm/Ice       ########     0%          3    None
 Portal Projectile        Hex/Tloc       ######       0%          3    None
 Recall                   Summ/Tloc      N/A          0%          3    None
 Spectral Weapon          Hex/Chrm       ########     0%          3    None
 Spider Form              Tmut/Pois      ########..   0%          3    None
 Stone Arrow              Conj/Erth      ######       0%          3    None
 Summon Guardian Golem    Hex/Summ       ########     0%          3    None
 Tukima's Dance           Hex            ########     0%          3    None
 Vampiric Draining        Necr           ########..   0%          3    None
 Animate Dead             Necr           N/A          0%          4    None
 Cause Fear               Hex            ########..   0%          4    None
 Fulminant Prism          Conj/Hex       ########..   0%          4    None
 Ice Form                 Ice/Tmut       ########     0%          4    None
 Leda's Liquefaction      Hex/Erth       ########..   0%          4    None
 Petrify                  Tmut/Erth      ########     0%          4    None
 Summon Ice Beast         Ice/Summ       ########     0%          4    None
 Throw Icicle             Conj/Ice       ########     0%          4    None
 Alistair's Intoxication  Tmut/Pois      ########     1%          5    None
 Blade Hands              Tmut           ########..   1%          5    None
 Bolt of Draining         Conj/Necr      ########..   1%          5    None
 Bolt of Magma            Conj/Fire/Erth ########..   1%          5    None
 Irradiate                Conj/Tmut      ########..   1%          5    None
 Iskenderun's Battlesphe  Conj/Chrm      ########     1%          5    None
 Metabolic Englaciation   Hex/Ice        ########..   1%          5    None
 Silence                  Hex/Air        ########..   1%          5    None
 Summon Demon             Summ           ########..   1%          5    None
 Summon Mana Viper        Hex/Summ       ########     1%          5    None
 Venom Bolt               Conj/Pois      ########..   1%          5    None
 Yara's Violent Unravell  Hex/Tmut       ########..   1%          5    None
 Bolt of Cold             Conj/Ice       ########..   1%          6    None
 Bolt of Fire             Conj/Fire      ########..   1%          6    None
 Darkness                 Hex            ########..   1%          6    None
 Death Channel            Necr           ########..   1%          6    None
 Freezing Cloud           Conj/Ice/Air   ########..   1%          6    None
 Hydra Form               Tmut           ########..   1%          6    None
 Iron Shot                Conj/Erth      ########..   1%          6    None
 Ozocubu's Refrigeration  Ice            ########..   1%          6    None
 Simulacrum               Ice/Necr       ########..   1%          6    None
 Dragon Form              Tmut           ########..   1%          7    None
 Orb of Destruction       Conj           ########..   1%          7    None
 Ring of Flames           Chrm/Fire      ########..   1%          7    None
 Spellforged Servitor     Conj/Summ      ########..   1%          7    None
 Discord                  Hex            ########..   4%          8    ##.....


Dungeon Overview and Level Annotations

Branches:
Dungeon (15/15)            Temple (1/1) D:7            Lair (6/6) D:11
  Swamp (4/4) Lair:4        Snake (4/4) Lair:4        Slime (5/5) Lair:5
    Orc (2/2) D:11            Elf (0/3) Orc:2        Vaults (5/5) D:13
  Crypt (3/3) Vaults:3       Tomb (3/3) Crypt:3      Depths (5/5) D:15
    Zot (0/5) Depths:5

Altars:
Ashenzari
Cheibriados
Dithmenos
Elyvilon
Fedhas
Gozag
Hepliaklqana
Kikubaaqudgha
Makhleb
Nemelex Xobeh
Okawaru
Qazlal
Ru
Sif Muna
Trog
Uskayaw
Vehumet
Wu Jian
Xom
Yredelemnul
Zin
The Shining One
Beogh
Jiyva

Shops:
D:12 :[=*!   D:14 (([%   D:15 !   Orc:2 :([?:   Snake:2 !   Snake:3 }
Snake:4 (?   Vaults:1 (   Vaults:2 [   Vaults:4 (}:

Portals:
Hell: Depths:1 Depths:2 Depths:3 Depths:4 Depths:5
Abyss: Depths:1 Depths:4
Pandemonium: Depths:3 Depths:5
Ziggurat: Depths:2

Annotations:
D:9 3 runed translucent doors, coffeespoons's ghost, novice OgHu
D:11 Rupert
Pan Lom Lobon


Innate Abilities, Weirdness & Mutations

Your experience applies equally to all skills.
You have very sharp teeth.
Your uncanny sense of smell can sniff out nearby items.
You are surrounded by a mild repulsion field. (EV +2)
((You are partially covered in molten scales. (AC +2)))
Your skin changes colour to match your surroundings (Stealth+).
You tend to lose your temper in combat.
You can translocate small distances at will.
Scrolls take you a little longer to read.
Your mind is acute. (Int +2)
Your flesh is cold resistant. (rC+)
Your flesh is heat resistant. (rF+)
You are frail. (-10% HP)
Your magical capacity is low. (-10% MP)


Message History

The hellwing dies!
Lom Lobon completely misses you.
As you read the scroll of teleportation, it crumbles to dust.
You feel strangely unstable.
Unknown command.
Unknown command.
Unknown command.
Unknown command.
You pound Lom Lobon into fine dust!!!! You bite Lom Lobon, but do no damage.
Lom Lobon is moderately wounded.
You hear some strange, mumbled words.
A stone arrow appears from out of thin air!
The stone arrow misses you.
Lom Lobon blinks!
Unknown command.
Unknown command.
You hit something but do no damage. You block something's attack.
Lom Lobon gestures at you.
Lom Lobon conjures a mighty blast of ice!
The great icy blast engulfs you!!! You partially resist.
You die...

..#≈≈ .# #≈≈ .'#≈≈ #.#
4≈≈#' #≈≈ ##.≈≈ ##.##§≈≈.#
#≈≈ ≈≈≈.≈##...##≈.≈≈ ##≈≈
≈≈≈≈....&....≈≈ ##≈≈.
#...§§§..!# ##≈≈..
##..§§§§§..## ##≈≈...
####..§§§§§§§..#####.....#
....)§§§§8{..............#
####...........#####.....#
##.........## ##≈≈...
#.........# ##≈≈..
≈≈...(.....≈≈ ##≈≈^
≈≈)≈##...##≈.≈≈ ##≈≈ ##.≈≈
##.##≈≈≈.# ≈≈ '#≈≈ #.#
≈≈≈#' ≈


You could see Lom Lobon.

Vanquished Creatures
  the Royal Jelly (Slime:5)
  Mara (Vaults:4)
  A juggernaut (Depths:2)
  Mennas (Tomb:1)
  2 ancient liches
  Sojobo (Depths:2)
  27 greater mummies
  Boris (thrice) (Tomb:3 Depths:3 Depths:5)
  The ghost of howech the Severer, a veteran MiGl of the Shining One (Vaults:1)
  Margery (Vaults:4)
  4 caustic shrikes (Depths:5)
  5 golden dragons
  the Enchantress (Depths:2)
  2 pandemonium lords (Pan)
  2 bone dragons
  A Tzitzimitl (Pan)
  A profane servitor (Crypt:3)
  A Brimstone Fiend (Pan)
  10 liches
  A Hell Sentinel (Pan)
  10 tentacled monstrosities
  3 quicksilver dragons
  A tentacled starspawn (Abyss:5)
  8 sphinxes
  4 Executioners (Pan)
  6 shadow dragons
  8 ancient champions
  10 acid blobs
  A thorn hunter (Swamp:4)
  6 tengu reavers
  Gastronok (D:8)
  7 revenants
  4 storm dragons
  2 draconian monks (Depths:5)
  9 nagarajas
  16 azure jellies
  11 frost giants
  18 vault wardens
  2 deep elf sorcerers
  2 iron dragons
  2 draconian shifters (Depths:3)
  2 caustic shrike zombies
  A warmonger (Pan)
  3 ghouls
  5 cacodemons (Pan)
  9 fire giants
  2 draconian scorchers (Depths:3)
  3 balrugs
  A black sun (Pan)
  A juggernaut zombie (Depths:4)
  Louise (Depths:4)
  A deep elf elementalist (Vaults:5)
  8 draconian annihilators
  19 stone giants
  3 reapers
  26 very ugly things
  2 blood saints (Pan)
  5 spriggan defenders
  3 war gargoyles (Vaults:5)
  A draconian stormcaller (Depths:5)
  The ghost of Kite the Severer, a journeyman MiBe of Trog (D:12)
  13 ironheart preservers
  A corrupter (Pan)
  2 juggernaut skeletons
  10 bennus
  2 green draconians (Depths:5)
  Nessos (Orc:2)
  Azrael (Orc:2)
  A minotaur (Gauntlet)
  5 spark wasps
  4 deep elf demonologists
  2 purple draconians (Depths:5)
  4 black draconians (Depths:5)
  15 vampire knights
  A lorocyproca (Pan)
  8 red draconians (Depths:5)
  Snorg (D:10)
  3 eidola
  18 ettins
  8 green deaths
  3 deep elf death magi
  2 blizzard demons
  14 fire dragons
  2 merfolk javelineers (Depths:1)
  22 mummy priests
  22 jiangshi
  11 ogre magi
  11 yaktaur captains
  12 death oozes
  A quicksilver dragon skeleton (Depths:4)
  5 deep elf high priests
  A monstrous demonspawn (Pan)
  5 great orbs of eyes
  17 naga warriors
  11 ice dragons
  Erolcha (D:11)
  25 vault guards
  25 hydras
  3 rakshasas
  3 spriggan air magi
  3 hell beasts
  A catoblepas (D:15)
  12 centaur warriors
  2 ghost crabs
  5 death knights
  39 two-headed ogres
  2 shambling mangroves
  10 anacondas
  11 alligators
  16 tengu warriors
  4 hell hogs (Abyss:5)
  6 vampire magi
  8 deep troll earth magi
  7 deep troll shamans
  A spectral dire elephant (Crypt:2)
  96 death scarabs
  13 spriggan berserkers
  8 shock serpents
  2 thrashing horrors (Swamp:4)
  5 orc high priests
  A storm dragon zombie (Tomb:2)
  5 deep elf knights
  Sonja (D:12)
  10 hell knights
  6 soul eaters
  20 spriggans
  15 naga sharpshooters
  6 shadow wraiths
  5 salamander mystics
  A spatial maelstrom (Abyss:5)
  6 iron trolls
  5 unseen horrors
  A spark wasp zombie (Depths:4)
  8 sun demons
  A quicksilver dragon simulacrum (Depths:2)
  3 death drakes
  3 sixfirhies (Pan)
  32 skeletal warriors
  A spriggan druid (Swamp:4)
  A golden dragon zombie (Depths:4)
  3 gelid demonspawn (Pan)
  An anaconda zombie (Tomb:1)
  2 infernal demonspawn (Pan)
  2 shadow demons (Pan)
  23 deep trolls
  10 flayed ghosts
  10 naga ritualists
  5 glowing orange brains
  2 torturous demonspawn (Pan)
  An unseen horror (shapeshifter) (Vaults:4)
  6 wizards
  A tengu zombie (Depths:3)
  7 deep elf archers
  9 swamp dragons
  A lindwurm (shapeshifter) (Vaults:5)
  7 mana vipers
  13 ironbrand convokers
  An anaconda skeleton (Crypt:2)
  A harpy (shapeshifter) (Vaults:2)
  A fire giant zombie (Depths:4)
  6 necromancers
  6 lindwurms
  11 orc knights
  Pikel (D:7)
  2 golden dragon skeletons (Depths:4)
  2 harpies (Vaults:2)
  An iron dragon zombie (Crypt:3)
  A wolf spider (shapeshifter) (Vaults:5)
  A spectral fire dragon (Crypt:3)
  20 phantasmal warriors
  2 wolf spiders
  14 large abominations
  A frost giant zombie (Crypt:1)
  7 deep elf magi
  An orc sorcerer (Orc:2)
  8 shining eyes
  13 salamanders
  A worldbinder (Abyss:5)
  6 cyclopes
  An oklob plant (Lair:6)
  4 manticores
  64 ugly things
  2 frost giant skeletons
  An ice statue (Depths:2)
  9 elephants
  An iron dragon skeleton (Depths:4)
  40 black mambas
  A sphinx skeleton (Depths:4)
  Joseph (D:7)
  16 vault sentinels
  2 guardian serpents (shapeshifter)
  10 guardian serpents
  8 smoke demons (Pan)
  2 eyes of devastation
  Maurice (D:12)
  3 fire giant skeletons
  2 titan simulacra (Depths:3)
  A molten gargoyle (Depths:1)
  2 gargoyles
  A rime drake (Depths:3)
  7 orange demons
  8 rust devils (Depths:2)
  16 spiny frogs
  A storm dragon simulacrum (Crypt:3)
  5 torpor snails (Lair:6)
  13 naga magi
  A pale draconian zombie (Crypt:1)
  5 demonic crawlers
  2 efreet
  A yellow draconian zombie (Crypt:2)
  A redback zombie (D:14)
  3 tormentors (Pan)
  2 yaktaur zombies (Vaults:1)
  2 kobold demonologists (D:14)
  A spiny frog (shapeshifter) (Gauntlet)
  2 hellions (Pan)
  A minotaur skeleton (Crypt:1)
  13 freezing wraiths
  A yaktaur (shapeshifter) (D:14)
  13 hellwings
  2 ice devils
  6 komodo dragons
  35 yaktaurs
  3 elf skeletons (Depths:4)
  8 tengu conjurers
  48 guardian mummies
  2 queen bees (shapeshifter)
  7 red devils
  A hydra zombie (Tomb:1)
  3 meliai (shapeshifter)
  A hornet (shapeshifter) (Gauntlet)
  A queen bee (Gauntlet)
  An iron troll skeleton (Crypt:1)
  3 trolls
  9 polar bears (Lair:6)
  A hydra skeleton (Crypt:2)
  6 blink frogs
  Grinder (D:4)
  11 hippogriffs
  4 wind drakes (Depths:5)
  29 hornets
  81 slime creatures
  2 raiju (Lair:6)
  13 tyrant leeches
  An ettin zombie (Tomb:2)
  A blink frog (shapeshifter) (Vaults:5)
  8 dream sheep
  7 bog bodies
  2 meliai zombies
  An alligator skeleton (Crypt:3)
  A fire dragon skeleton (Tomb:2)
  89 flying skulls
  2 snapping turtles (shapeshifter)
  13 shadows
  An air elemental (Abyss:5)
  A tarantella (shapeshifter) (Depths:1)
  2 vampires
  4 wyverns
  29 yaks
  A fire bat (Abyss:5)
  7 ushabtiu
  8 ynoxinuls (Pan)
  11 wraiths
  A golden eye (Slime:3)
  A golden eye (shapeshifter) (Vaults:3)
  3 basilisks
  3 fire elementals
  12 humans (D:13)
  4 hungry ghosts
  A basilisk (shapeshifter) (Vaults:5)
  6 chaos spawn
  4 neqoxecs
  8 wargs
  40 nagas
  20 vampire mosquitoes
  24 swamp worms
  2 soldier ants
  2 spatial vortices (Abyss:5)
  7 acid dragons
  7 insubstantial wisps
  21 hell hounds
  A spiny frog zombie (Crypt:1)
  A deep troll skeleton (Crypt:2)
  5 human skeletons
  12 small abominations
  A water moccasin (shapeshifter) (Gauntlet)
  6 porcupines
  16 swamp drakes
  11 water moccasins
  An elephant zombie (Crypt:2)
  3 ice beasts
  5 ettin simulacra
  32 ogres
  13 black bears
  3 eyes of draining
  An eye of draining (shapeshifter) (D:13)
  37 orc warriors
  2 phantoms
  3 sky beasts
  5 necrophages
  58 wolves
  3 boggarts
  19 centaurs
  10 crocodiles
  Blork the orc (D:4)
  An elf zombie (Crypt:1)
  A big kobold (D:14)
  13 bullfrogs
  A wyvern zombie (D:13)
  A water moccasin zombie (D:6)
  A glowing shapeshifter simulacrum (Vaults:3)
  7 scorpions
  10 killer bees
  A killer bee (shapeshifter) (Depths:5)
  A troll zombie (Crypt:2)
  8 electric eels
  14 wights
  4 howler monkeys
  7 crimson imps
  A human zombie (Crypt:1)
  4 quasits
  4 centaur zombies
  3 hounds (D:8)
  3 jellies
  Crazy Yiuf (D:5)
  34 orc priests
  4 centaur skeletons
  28 orc wizards
  Natasha (twice) (D:2)
  2 iguanas
  11 worker ants
  A naga zombie (Crypt:2)
  A big kobold zombie (Crypt:2)
  A dwarf skeleton (Crypt:2)
  2 hound zombies
  A hound skeleton (D:4)
  44 mummies
  A worker ant zombie (D:10)
  3 gnolls (D:5)
  6 adders
  5 shadow imps
  2 white imps
  3 oozes
  2 adder zombies
  An adder skeleton (D:4)
  2 worms
  4 ball lightnings (Pan)
  2 dart slugs
  2 leopard geckos
  106 orcs
  6 giant cockroaches
  5 goblins
  2 hobgoblins
  11 jackals
  8 quokkas
  5 bats
  7 frilled lizards
  2 hobgoblin zombies
  12 kobolds
  A leopard gecko skeleton (D:8)
  A leopard gecko zombie (Crypt:1)
  A quokka skeleton (D:8)
  6 rats
  A briar patch (Swamp:4)
  A crawling corpse (Vaults:5)
  2 plants (Lair:5)
2762 creatures vanquished.

Vanquished Creatures (collateral kills)
  A lich (Abyss:5)
  3 acid blobs
  2 Executioners (Pan)
  An azure jelly (Slime:4)
  A vault warden (Vaults:2)
  A warmonger (Pan)
  2 reapers (Pan)
  A war gargoyle (Vaults:5)
  A death ooze (Slime:3)
  A fire dragon (Abyss:5)
  5 great orbs of eyes
  A hydra (D:11)
  2 ogre magi (Abyss:5)
  A naga sharpshooter (Snake:4)
  2 thrashing horrors (Abyss:5)
  A soul eater (Pan)
  A naga ritualist (Snake:4)
  A deep troll (Vaults:2)
  2 harpies (Vaults:2)
  A phantasmal warrior (Vaults:5)
  A shining eye (Slime:4)
  An ugly thing (D:15)
  A guardian serpent (Snake:4)
  2 naga magi (Snake:4)
  A vault sentinel (Vaults:2)
  3 eyes of devastation
  A yaktaur (Vaults:2)
  A troll (shapeshifter) (Abyss:5)
  4 raiju (Abyss:5)
  32 slime creatures
  A wraith (Vaults:1)
  2 fire bats (Abyss:5)
  5 golden eyes (Slime:3)
  3 chaos spawn
  7 nagas (Snake:4)
  An orc warrior (Vaults:2)
  A floating eye (Slime:4)
  3 eyes of draining
  A big kobold (Abyss:5)
  3 orc wizards
  2 mummies (Tomb:1)
  4 orcs
111 creatures vanquished.

Vanquished Creatures (others)
  A lich (Abyss:5)
  A fire giant (Depths:2)
  2 stone giants
  A blizzard demon (Pan)
  A green death (Pan)
  A yaktaur captain (Depths:4)
  A naga warrior (Snake:1)
  A deep elf high priest (Depths:2)
  An anaconda (shapeshifter) (Depths:3)
  A thrashing horror (Abyss:5)
  A sixfirhy (Pan)
  A quicksilver dragon simulacrum (Depths:2)
  A wizard (Pan)
  2 lindwurms (Depths:5)
  An ugly thing (D:15)
  2 smoke demons (Pan)
  8 yaktaurs
  2 hellwings (Pan)
  A guardian mummy (Tomb:2)
  A tengu conjurer (Depths:1)
  A chaos spawn (Abyss:5)
  A golden eye (Abyss:5)
  3 nagas
  A hell hound (Depths:2)
  3 swamp drakes
  2 ettin simulacra (Depths:2)
  An orc warrior (Orc:2)
  A slave (D:7)
  An orc wizard (Orc:2)
  7 ball lightnings (Pan)
  2 orcs
  A block of ice (Pan)
  A bush (Lair:6)
  A crawling corpse (Depths:2)
  45 fungi
  58 plants
  9 snaplasher vines
  2 starspawn tentacles (Abyss:5)
171 creatures vanquished.

Grand Total: 3044 creatures vanquished

Notes
Turn   | Place    | Note
-------+----------+-------------------------------------------
     0 | D:1      | inmateoo the Gnoll Skald began the quest for the Orb.
     0 | D:1      | Reached XP level 1. HP: 20/20 MP: 6/6
   252 | D:1      | Reached XP level 2. HP: 22/26 MP: 7/7
   861 | D:1      | Reached XP level 3. HP: 21/31 MP: 9/9
   872 | D:1      | Reached skill level 5 in Spellcasting
  1094 | D:2      | Learned a level 2 spell: Song of Slaying
  1097 | D:2      | Learned a level 2 spell: Shroud of Golubria
  1101 | D:2      | Learned a level 3 spell: Regeneration
  1105 | D:2      | Learned a level 3 spell: Spectral Weapon
  1112 | D:2      | Reached skill level 1 in Invocations
  1114 | D:2      | Noticed Natasha
  1125 | D:2      | Killed Natasha
  1125 | D:2      | Reached skill level 1 in Short Blades
  1125 | D:2      | Reached skill level 1 in Long Blades
  1125 | D:2      | Reached skill level 1 in Axes
  1125 | D:2      | Reached skill level 1 in Maces & Flails
  1125 | D:2      | Reached skill level 1 in Polearms
  1125 | D:2      | Reached skill level 1 in Staves
  1125 | D:2      | Reached skill level 1 in Slings
  1125 | D:2      | Reached skill level 1 in Bows
  1125 | D:2      | Reached skill level 1 in Crossbows
  1125 | D:2      | Reached skill level 1 in Throwing
  1125 | D:2      | Reached skill level 1 in Stealth
  1125 | D:2      | Reached skill level 1 in Shields
  1125 | D:2      | Reached skill level 1 in Evocations
  1125 | D:2      | Reached XP level 4. HP: 16/38 MP: 6/11
  1381 | D:2      | Noticed Natasha
  1387 | D:2      | Killed Natasha
  1387 | D:2      | Reached skill level 1 in Conjurations
  1387 | D:2      | Reached skill level 1 in Hexes
  1387 | D:2      | Reached skill level 1 in Summonings
  1387 | D:2      | Reached skill level 1 in Necromancy
  1387 | D:2      | Reached skill level 1 in Translocations
  1387 | D:2      | Reached skill level 1 in Transmutations
  1387 | D:2      | Reached skill level 1 in Fire Magic
  1387 | D:2      | Reached skill level 1 in Ice Magic
  1387 | D:2      | Reached skill level 1 in Air Magic
  1387 | D:2      | Reached skill level 1 in Earth Magic
  1387 | D:2      | Reached skill level 1 in Poison Magic
  1441 | D:2      | Noticed an orc warrior
  1618 | D:2      | Reached XP level 5. HP: 39/43 MP: 8/12
  2373 | D:4      | Noticed Blork the orc
  2680 | D:4      | Killed Blork the orc
  2680 | D:4      | Reached skill level 2 in Invocations
  2680 | D:4      | Reached XP level 6. HP: 33/50 MP: 13/13
  2812 | D:4      | Reached skill level 5 in Fighting
  2812 | D:4      | Reached skill level 5 in Dodging
  2812 | D:4      | Reached skill level 5 in Unarmed Combat
  3112 | D:4      | Reached XP level 7. HP: 38/56 MP: 15/15
  3606 | D:4      | Noticed Grinder
  3626 | D:4      | Paralysed by Grinder for 3 turns
  3633 | D:4      | Killed Grinder
  3633 | D:4      | Reached skill level 3 in Invocations
  3985 | D:4      | Reached XP level 8. HP: 63/63 MP: 16/16
  4054 | D:5      | Entered Level 5 of the Dungeon
  4794 | D:5      | Found a runed translucent door.
  4795 | D:5      | Noticed Crazy Yiuf
  5075 | D:5      | Killed Crazy Yiuf
  5443 | D:6      | Noticed a kobold demonologist
  5444 | D:6      | Found a transporter.
  5448 | D:6      | Found a transporter.
  5502 | D:6      | Found an opulent altar of Gozag.
  5515 | D:6      | Reached skill level 4 in Invocations
  5813 | D:6      | Noticed a kobold demonologist
  6023 | D:6      | Got a polished falchion
  6024 | D:6      | Identified the +7 falchion "Qydihofi" {pain, *Drain +Fly
                  | Int+2} (You found it on level 6 of the Dungeon)
  6408 | D:6      | Reached XP level 9. HP: 40/69 MP: 18/18
  6554 | D:7      | Found a staircase to the Ecumenical Temple.
  6775 | D:7      | Found a glowing golden altar of the Shining One.
  6829 | Temple   | Entered the Ecumenical Temple
  7043 | Temple   | Became a worshipper of Cheibriados the Contemplative
  7190 | D:7      | Reached skill level 5 in Armour
  7240 | D:7      | Noticed Pikel
  7254 | D:7      | Killed Pikel
  7269 | D:7      | Reached skill level 5 in Invocations
  7391 | D:7      | Noticed Joseph
  7400 | D:7      | Reached XP level 10. HP: 70/77 MP: 20/20
  7416 | D:7      | Killed Joseph
  7874 | D:8      | Reached * piety under Cheibriados
  7877 | D:8      | Reached skill level 5 in Short Blades
  7877 | D:8      | Reached skill level 5 in Long Blades
  7877 | D:8      | Reached skill level 5 in Axes
  7877 | D:8      | Reached skill level 5 in Maces & Flails
  7877 | D:8      | Reached skill level 5 in Polearms
  7877 | D:8      | Reached skill level 5 in Staves
  7877 | D:8      | Reached skill level 5 in Slings
  7877 | D:8      | Reached skill level 5 in Bows
  7877 | D:8      | Reached skill level 5 in Crossbows
  7877 | D:8      | Reached skill level 5 in Throwing
  7877 | D:8      | Reached skill level 5 in Stealth
  7877 | D:8      | Reached skill level 5 in Shields
  7877 | D:8      | Reached skill level 5 in Evocations
  8508 | D:8      | Noticed Gastronok
  8529 | D:8      | Killed Gastronok
  8529 | D:8      | Reached skill level 6 in Invocations
  9015 | D:9      | Reached XP level 11. HP: 78/84 MP: 22/22
  9103 | D:9      | Reached ** piety under Cheibriados
  9452 | D:9      | Found an opulent altar of Gozag.
  9453 | D:9      | Found a runed translucent gate.
  9453 | D:9      | Found a runed translucent gate.
  9453 | D:9      | Found a runed translucent gate.
  9453 | D:9      | Noticed coffeespoons's ghost (novice OgHu)
  9499 | D:10     | Entered Level 10 of the Dungeon
  9593 | D:10     | You fall through a shaft for 3 floors!
  9655 | D:13     | Noticed a purple ugly thing
  9835 | D:13     | Reached skill level 5 in Conjurations
  9835 | D:13     | Reached skill level 5 in Hexes
  9835 | D:13     | Reached skill level 5 in Summonings
  9835 | D:13     | Reached skill level 5 in Necromancy
  9835 | D:13     | Reached skill level 5 in Translocations
  9835 | D:13     | Reached skill level 5 in Transmutations
  9835 | D:13     | Reached skill level 5 in Fire Magic
  9835 | D:13     | Reached skill level 5 in Ice Magic
  9835 | D:13     | Reached skill level 5 in Air Magic
  9835 | D:13     | Reached skill level 5 in Earth Magic
  9835 | D:13     | Reached skill level 5 in Poison Magic
  9949 | D:13     | Reached *** piety under Cheibriados
 10039 | D:13     | Reached skill level 7 in Invocations
 10052 | D:13     | Found a gate to the Vaults.
 10084 | D:13     | Killed a purple ugly thing
 10128 | D:13     | Noticed a two-headed ogre
 10142 | D:13     | Killed a two-headed ogre
 10361 | D:13     | Noticed an eight-headed hydra
 10375 | D:13     | Killed an eight-headed hydra
 10456 | D:13     | Noticed a centaur warrior
 10477 | D:13     | Killed a centaur warrior
 10477 | D:13     | Reached XP level 12. HP: 43/93 MP: 24/24
 10875 | D:14     | Reached **** piety under Cheibriados
 11247 | D:14     | Reached skill level 8 in Invocations
 11257 | D:14     | Found Xist's Antique Armour Emporium.
 11280 | D:14     | Bought a pair of glowing gloves for 180 gold pieces
 11447 | D:14     | Found Gomnamp's Food Shoppe.
 11577 | D:14     | Found Eshres's Antique Weapon Shop.
 11579 | D:14     | Noticed a centaur warrior
 11590 | D:14     | Killed a centaur warrior
 11694 | D:14     | Found Fumof's Antique Weapon Emporium.
 11846 | D:15     | Entered Level 15 of the Dungeon
 11878 | D:15     | Noticed a two-headed ogre
 11893 | D:15     | Killed a two-headed ogre
 11893 | D:15     | Reached XP level 13. HP: 101/101 MP: 26/26
 12018 | D:15     | Found Woneloto's Distillery.
 12097 | D:15     | Reached ***** piety under Cheibriados
 12134 | D:15     | Bought a potion of heal wounds for 75 gold pieces
 12134 | D:15     | Bought a potion of curing for 45 gold pieces
 12134 | D:15     | Bought a potion of curing for 45 gold pieces
 12134 | D:15     | Bought a potion of curing for 45 gold pieces
 12134 | D:15     | Bought a potion of lignification for 45 gold pieces
 12134 | D:15     | Bought a potion of mutation for 120 gold pieces
 12134 | D:15     | Bought a potion of resistance for 150 gold pieces
 12134 | D:15     | Bought a potion of agility for 60 gold pieces
 12134 | D:15     | Bought a potion of curing for 45 gold pieces
 12185 | D:15     | Found a bloodstained altar of Trog.
 12392 | D:15     | Reached skill level 9 in Invocations
 12405 | D:15     | Noticed an ogre mage
 12410 | D:15     | Killed an ogre mage
 12537 | D:15     | Noticed an ice dragon
 12543 | D:15     | Noticed a fire dragon
 12550 | D:15     | Killed an ice dragon
 12557 | D:15     | Killed a fire dragon
 12561 | D:15     | Found a staircase to the Depths.
 12701 | D:15     | Reached skill level 10 in Spellcasting
 12739 | D:15     | Reached XP level 14. HP: 109/109 MP: 28/28
 13225 | D:12     | Found Yxtiolao's Jewellery Shoppe.
 13254 | D:12     | Noticed Sonja
 13256 | D:12     | Noticed Rupert
 13428 | D:11     | Reached skill level 10 in Fighting
 13428 | D:11     | Reached skill level 10 in Dodging
 13428 | D:11     | Reached skill level 10 in Unarmed Combat
 13486 | D:11     | Found a staircase to the Orcish Mines.
 13754 | D:11     | Noticed Erolcha
 13780 | D:11     | Killed Erolcha
 13925 | D:11     | Found a staircase to the Lair.
 14075 | D:10     | Reached ****** piety under Cheibriados
 14160 | D:10     | Noticed Snorg
 14203 | D:10     | Killed Snorg
 14203 | D:10     | Reached skill level 10 in Invocations
 14659 | D:12     | Found Sizaqos's Book Boutique.
 14668 | D:12     | Killed Sonja
 14764 | D:12     | Noticed Maurice
 14782 | D:12     | Killed Maurice
 14867 | D:12     | Found Vefuetei's Assorted Antiques.
 14894 | D:12     | Found Pisim's Armour Emporium.
 14965 | D:12     | Found Mukeghipeng's Distillery.
 14997 | D:12     | Found a transporter.
 15005 | D:12     | Noticed Kite's ghost (journeyman MiBe)
 15064 | D:12     | Found a transporter.
 15109 | D:12     | Killed Kite's ghost
 15138 | D:12     | Identified a scroll of acquirement
 15141 | D:12     | Got a pair of shimmering gloves
 15152 | D:12     | Identified the +0 pair of gloves of the Beekeeper {-Cast
                  | rElec rC+++ Int-3} (You acquired it on level 12 of the
                  | Dungeon)
 15301 | Lair:1   | Entered Level 1 of the Lair of Beasts
 17056 | Lair:3   | Reached XP level 15. HP: 117/117 MP: 29/29
 17168 | D:12     | Bought a book of Transfigurations for 605 gold pieces
 17175 | D:12     | Learned a level 6 spell: Statue Form
 17746 | Lair:4   | Found a staircase to the Snake Pit.
 17782 | Lair:4   | You fall through a shaft for 2 floors!
 17782 | Lair:6   | Entered Level 6 of the Lair of Beasts
 17825 | Lair:6   | Reached skill level 10 in Armour
 17866 | Lair:6   | Found a gate leading to a gauntlet.
 17912 | Gauntlet | Entered a Gauntlet
 17912 | Gauntlet | Found a transporter.
 17912 | Gauntlet | Found a transporter.
 17912 | Gauntlet | Found a transporter.
 17934 | Gauntlet | Found a transporter.
 17948 | Gauntlet | Found a transporter.
 17950 | Gauntlet | Found a transporter.
 17958 | Gauntlet | Found a transporter.
 17980 | Gauntlet | Found a transporter.
 17998 | Gauntlet | Found a transporter.
 18002 | Gauntlet | Found a transporter.
 18018 | Gauntlet | Found a transporter.
 18022 | Gauntlet | Found a transporter.
 18191 | Gauntlet | Got an ancient platinum ring
 18206 | Gauntlet | Identified the ring of Serendipity {Wiz MP+9} (You found it
                  | in a Gauntlet)
 18275 | Gauntlet | Identified the +0 large shield of Fashionability {-Cast
                  | rPois Regen+ Dex+4}
 18275 | Gauntlet | Identified the ring "Alutud" {Fire MR+}
 18285 | Gauntlet | Reached skill level 10 in Charms
 18390 | Lair:6   | Learned a level 4 spell: Olgreb's Toxic Radiance
 18396 | Lair:6   | Learned a level 5 spell: Aura of Abjuration
 18402 | Lair:6   | Learned a level 5 spell: Summon Forest
 18589 | Lair:6   | Reached skill level 10 in Short Blades
 18589 | Lair:6   | Reached skill level 10 in Long Blades
 18589 | Lair:6   | Reached skill level 10 in Axes
 18589 | Lair:6   | Reached skill level 10 in Maces & Flails
 18589 | Lair:6   | Reached skill level 10 in Polearms
 18589 | Lair:6   | Reached skill level 10 in Staves
 18589 | Lair:6   | Reached skill level 10 in Slings
 18589 | Lair:6   | Reached skill level 10 in Bows
 18589 | Lair:6   | Reached skill level 10 in Crossbows
 18589 | Lair:6   | Reached skill level 10 in Throwing
 18589 | Lair:6   | Reached skill level 10 in Stealth
 18589 | Lair:6   | Reached skill level 10 in Shields
 18589 | Lair:6   | Reached skill level 10 in Evocations
 18880 | Lair:6   | Found a runed translucent door.
 19171 | Lair:6   | Reached skill level 11 in Invocations
 19765 | Lair:5   | Found a staircase to the Slime Pits.
 19942 | Lair:5   | Reached XP level 16. HP: 125/125 MP: 31/31
 20844 | Lair:4   | Found a staircase to the Swamp.
 21534 | Orc:1    | Entered Level 1 of the Orcish Mines
 21631 | Orc:2    | Entered Level 2 of the Orcish Mines
 21638 | Orc:2    | Noticed Azrael
 21647 | Orc:2    | Killed Azrael
 21661 | Orc:2    | Found Ilangaar's Book Emporium.
 21666 | Orc:2    | Noticed Nessos
 21673 | Orc:2    | Killed Nessos
 21738 | Orc:2    | Found a staircase to the Elven Halls.
 21739 | Orc:2    | Found a roughly hewn altar of Beogh.
 21897 | Orc:2    | Found Afysob's Antique Weapon Shoppe.
 21897 | Orc:2    | Found Wuqoos's Book Shoppe.
 21898 | Orc:2    | Found Semmugg's Armour Emporium.
 21904 | Orc:2    | Found Raurhac's Magic Scroll Emporium.
 22284 | Orc:2    | Learned a level 1 spell: Apportation
 22291 | Orc:2    | Learned a level 6 spell: Shadow Creatures
 23015 | Swamp:1  | Entered Level 1 of the Swamp
 23943 | Swamp:2  | Got an ancient ruby amulet
 24004 | Swamp:2  | Identified the amulet of Suspicion {Spirit rElec rPois
                  | Str+2 SInv} (You found it on level 2 of the Swamp)
 24202 | Swamp:2  | Reached XP level 17. HP: 133/133 MP: 33/33
 24570 | Swamp:3  | Reached skill level 12 in Invocations
 25227 | Swamp:4  | Entered Level 4 of the Swamp
 25696 | Swamp:4  | Got a decaying rune of Zot
 25993 | Snake:1  | Entered Level 1 of the Snake Pit
 26011 | Snake:1  | Reached skill level 10 in Conjurations
 26011 | Snake:1  | Reached skill level 10 in Hexes
 26011 | Snake:1  | Reached skill level 10 in Summonings
 26011 | Snake:1  | Reached skill level 10 in Necromancy
 26011 | Snake:1  | Reached skill level 10 in Translocations
 26011 | Snake:1  | Reached skill level 10 in Transmutations
 26011 | Snake:1  | Reached skill level 10 in Fire Magic
 26011 | Snake:1  | Reached skill level 10 in Ice Magic
 26011 | Snake:1  | Reached skill level 10 in Air Magic
 26011 | Snake:1  | Reached skill level 10 in Earth Magic
 26011 | Snake:1  | Reached skill level 10 in Poison Magic
 26078 | Snake:1  | Reached XP level 18. HP: 141/141 MP: 34/34
 27128 | Snake:2  | Reached skill level 13 in Invocations
 27147 | Snake:2  | Found Gozyif's Distillery.
 27155 | Snake:2  | Bought a potion of might for 44 gold pieces
 27155 | Snake:2  | Bought a potion of brilliance for 44 gold pieces
 27155 | Snake:2  | Bought a potion of curing for 33 gold pieces
 27155 | Snake:2  | Bought a potion of curing for 33 gold pieces
 27155 | Snake:2  | Bought a potion of curing for 33 gold pieces
 27155 | Snake:2  | Bought 2 potions of curing for 66 gold pieces
 27155 | Snake:2  | Bought a potion of mutation for 88 gold pieces
 27155 | Snake:2  | Bought a potion of agility for 44 gold pieces
 27155 | Snake:2  | Bought a potion of ambrosia for 88 gold pieces
 27833 | Snake:3  | Got a smoking shield
 27844 | Snake:3  | Identified the +0 shield "Saiplof" {+Blink +Inv rCorr} (You
                  | acquired it on level 3 of the Snake Pit)
 28185 | Snake:3  | Found Dinufar's Gadget Shop.
 28938 | Snake:4  | Entered Level 4 of the Snake Pit
 28951 | Snake:4  | Found Jiyfusch's Magic Scroll Shop.
 28961 | Snake:4  | Bought a scroll of teleportation for 66 gold pieces
 28961 | Snake:4  | Bought a scroll of identify for 44 gold pieces
 28961 | Snake:4  | Bought a scroll of magic mapping for 77 gold pieces
 28961 | Snake:4  | Bought a scroll of teleportation for 66 gold pieces
 28961 | Snake:4  | Bought a scroll of vulnerability for 165 gold pieces
 28961 | Snake:4  | Bought a scroll of torment for 165 gold pieces
 28961 | Snake:4  | Bought a scroll of magic mapping for 77 gold pieces
 29312 | Snake:4  | Reached XP level 19. HP: 86/149 MP: 36/36
 29616 | Snake:4  | Found Sat Ifir's Weapon Shoppe.
 29885 | Snake:4  | Got a serpentine rune of Zot
 30038 | Slime:1  | Entered Level 1 of the Pits of Slime
 30049 | Slime:1  | Gained mutation: You tend to lose your temper in combat. [a
                  | shining eye]
 30054 | Slime:1  | Gained mutation: Potions are less effective at restoring
                  | your health. [a shining eye]
 30057 | Slime:1  | Gained mutation: Your body sometimes deteriorates upon
                  | taking damage. [a shining eye]
 30232 | Slime:1  | Learned a level 5 spell: Borgnjor's Vile Clutch
 30237 | Slime:1  | Learned a level 4 spell: Summon Lightning Spire
 30375 | Slime:3  | Found a viscous altar of Jiyva.
 30841 | Slime:4  | Gained mutation: You occasionally shout uncontrollably at
                  | your foes. [a shining eye]
 30846 | Slime:4  | Gained mutation: Your spells are a little easier to cast,
                  | but a little less powerful. [a shining eye]
 30854 | Slime:4  | Lost mutation: You tend to lose your temper in combat.
                  | [potion of mutation]
 30854 | Slime:4  | Lost mutation: Your body sometimes deteriorates upon taking
                  | damage. [potion of mutation]
 30854 | Slime:4  | Lost mutation: Potions are less effective at restoring your
                  | health. [potion of mutation]
 30854 | Slime:4  | Gained mutation: You do not regenerate when monsters are
                  | visible. [potion of mutation]
 30854 | Slime:4  | Gained mutation: Scrolls take you a little longer to read.
                  | [potion of mutation]
 30854 | Slime:4  | Gained mutation: You are clumsy. (Dex -2) [potion of
                  | mutation]
 30854 | Slime:4  | Gained mutation: You are robust. (+10% HP) [potion of
                  | mutation]
 30855 | Slime:4  | Lost mutation: Your spells are a little easier to cast, but
                  | a little less powerful. [potion of mutation]
 30855 | Slime:4  | Lost mutation: Scrolls take you a little longer to read.
                  | [potion of mutation]
 30855 | Slime:4  | Gained mutation: Your muscles are strong. (Str +2) [potion
                  | of mutation]
 30855 | Slime:4  | Gained mutation: You evolve. [potion of mutation]
 30856 | Slime:4  | Lost mutation: You do not regenerate when monsters are
                  | visible. [potion of mutation]
 30856 | Slime:4  | Lost mutation: You evolve. [potion of mutation]
 30856 | Slime:4  | Lost mutation: You are clumsy. (Dex -2) [potion of
                  | mutation]
 30856 | Slime:4  | Lost mutation: You are robust. (+10% HP) [potion of
                  | mutation]
 30856 | Slime:4  | Gained mutation: You have a pair of small horns on your
                  | head. [potion of mutation]
 30856 | Slime:4  | Gained mutation: You can translocate small distances at
                  | will. [potion of mutation]
 30856 | Slime:4  | Gained mutation: You are resistant to electric shocks.
                  | (rElec) [potion of mutation]
 31004 | Slime:5  | Entered Level 5 of the Pits of Slime
 31107 | Slime:5  | Found a viscous altar of Jiyva.
 31107 | Slime:5  | Noticed the Royal Jelly
 31115 | Slime:5  | Reached XP level 20. HP: 157/157 MP: 16/37
 31122 | Slime:5  | Reached skill level 14 in Invocations
 31131 | Slime:5  | Killed the Royal Jelly
 31212 | Slime:5  | Got a slimy rune of Zot
 31224 | Slime:5  | Identified Exac's Guide on Protection and Black Secrets
 31238 | Slime:5  | Got a brightly glowing large shield
 31256 | Slime:5  | Got a fine helmet
 31265 | Slime:5  | Identified Kaim's Handbook of Conjuration
 31306 | Slime:5  | Got a bloodstained trident
 31353 | Slime:5  | Got a transparent flail
 31366 | Slime:5  | Identified the cursed +0 large shield of Bitterness {rC++
                  | Str-3} (You found it on level 5 of the Pits of Slime)
 31367 | Slime:5  | Identified the +0 helmet of Dishonour {*Drain +Inv Str+3
                  | Dex+3} (You found it on level 5 of the Pits of Slime)
 31370 | Slime:5  | Identified the +6 trident "Afemibig" {antimagic, rN+ Str+2
                  | Int-2 Dex+5} (You found it on level 5 of the Pits of Slime)
 31372 | Slime:5  | Identified the cursed +1 flail "Riogix" {crush, rElec rN++}
                  | (You found it on level 5 of the Pits of Slime)
 31621 | Vaults:1 | Entered Level 1 of the Vaults
 31769 | Vaults:1 | Got a brightly glowing large shield
 31770 | Vaults:1 | Identified the +0 large shield "Viseov" {rPois rCorr
                  | Slay+3} (You acquired it on level 1 of the Vaults)
 32173 | Vaults:1 | Identified the cursed +3 mace of the Girdle {antimagic,
                  | +Blink Int+4 Stlth+}
 32215 | Vaults:1 | Found a runed translucent gate.
 32215 | Vaults:1 | Found a runed translucent gate.
 32215 | Vaults:1 | Found a runed translucent gate.
 32497 | Vaults:1 | Found Cuptint's Weapon Boutique.
 32803 | Vaults:1 | Noticed howech's ghost (veteran MiGl)
 32828 | Vaults:1 | Reached XP level 21. HP: 149/165 MP: 39/39
 32834 | Vaults:1 | Killed howech's ghost
 32946 | Vaults:2 | You fall through a shaft!
 33878 | Vaults:3 | Noticed a bone dragon
 33879 | Vaults:3 | Found a staircase to the Crypt.
 33887 | Vaults:3 | Killed a bone dragon
 34171 | Vaults:2 | Reached skill level 15 in Invocations
 34807 | Vaults:2 | Found Weotuad's Armour Shoppe.
 34815 | Vaults:2 | Bought the cursed +0 ring mail of Benevolence {rElec MR+
                  | Int+6 Slay+2} for 540 gold pieces
 35117 | Vaults:4 | Reached XP level 22. HP: 173/173 MP: 40/40
 35181 | Vaults:4 | Noticed Mara
 35186 | Vaults:4 | Noticed inmateoo's illusion
 35209 | Vaults:4 | Killed Mara
 35754 | Vaults:4 | Noticed Margery
 35762 | Vaults:4 | Killed Margery
 35762 | Vaults:4 | Reached skill level 15 in Spellcasting
 35799 | Vaults:4 | Found Fudiybia's Gadget Emporium.
 35799 | Vaults:4 | Found Niguwih's Book Emporium.
 35799 | Vaults:4 | Found Buing's Weapon Emporium.
 36015 | Vaults:4 | Bought a book of Enchantments for 1050 gold pieces
 36022 | Vaults:4 | Learned a level 6 spell: Deflect Missiles
 36191 | Vaults:5 | Entered Level 5 of the Vaults
 36199 | Vaults:5 | Reached skill level 15 in Fighting
 36199 | Vaults:5 | Reached skill level 15 in Dodging
 36199 | Vaults:5 | Reached skill level 15 in Unarmed Combat
 36206 | Vaults:5 | Noticed a golden dragon
 36218 | Vaults:5 | Killed a golden dragon
 36268 | Vaults:5 | Identified the +6 war axe of Gallantry {venom, MP+9}
 36278 | Vaults:5 | Reached XP level 23. HP: 142/181 MP: 10/42
 36309 | Vaults:5 | Identified the +2 glaive "Ruig" {distort, rF+ rC+ Str+2
                  | Stlth+}
 36315 | Vaults:5 | Reached skill level 15 in Armour
 36320 | Vaults:5 | Identified the +3 hunting sling of Defiance {velocity,
                  | rPois MR+}
 36327 | Vaults:5 | Reached skill level 16 in Invocations
 36345 | Vaults:5 | Identified the Grimoire of the Arsonist
 36393 | Vaults:5 | Reached skill level 15 in Short Blades
 36393 | Vaults:5 | Reached skill level 15 in Long Blades
 36393 | Vaults:5 | Reached skill level 15 in Axes
 36393 | Vaults:5 | Reached skill level 15 in Maces & Flails
 36393 | Vaults:5 | Reached skill level 15 in Polearms
 36393 | Vaults:5 | Reached skill level 15 in Staves
 36393 | Vaults:5 | Reached skill level 15 in Slings
 36393 | Vaults:5 | Reached skill level 15 in Bows
 36393 | Vaults:5 | Reached skill level 15 in Crossbows
 36393 | Vaults:5 | Reached skill level 15 in Throwing
 36393 | Vaults:5 | Reached skill level 15 in Stealth
 36393 | Vaults:5 | Reached skill level 15 in Shields
 36393 | Vaults:5 | Reached skill level 15 in Evocations
 36428 | Vaults:5 | Noticed a golden dragon
 36440 | Vaults:5 | Killed a golden dragon
 36825 | Vaults:5 | Got a silver rune of Zot
 37372 | Vaults:5 | Found the +9 heavy crossbow "Sniper" {velocity, Acc+∞ SInv}
 37376 | Vaults:5 | Identified the Handbook of Ashen Snow
 37426 | Vaults:5 | Got a dazzling flail
 37427 | Vaults:5 | Identified the +9 flail "Rydwor" {crush, rElec rF+ Dex+2}
                  | (You found it on level 5 of the Vaults)
 37461 | Vaults:5 | Got a twitching brass amulet
 37655 | Crypt:1  | Entered Level 1 of the Crypt
 37948 | Crypt:1  | Identified the amulet of Adoaxo {Reflect MP+9 Dex+6 SH+6}
                  | (You found it on level 5 of the Vaults)
 38192 | Crypt:1  | Reached XP level 24. HP: 190/190 MP: 42/42
 38969 | Crypt:3  | Entered Level 3 of the Crypt
 39065 | Crypt:3  | Found a basalt altar of Yredelemnul.
 39513 | Crypt:3  | Found a staircase to the Tomb.
 39513 | Crypt:3  | Noticed an ancient lich
 39521 | Crypt:3  | Killed an ancient lich
 39523 | Crypt:3  | Found the +12 Vampire's Tooth {vamp}
 39972 | Tomb:1   | Entered Level 1 of the Tomb of the Ancients
 40139 | Tomb:1   | Reached skill level 17 in Invocations
 40184 | Tomb:1   | Reached XP level 25. HP: 197/197 MP: 43/43
 40252 | Tomb:1   | Noticed Mennas
 40257 | Tomb:1   | Killed Mennas
 40406 | Tomb:1   | Noticed a greater mummy
 40419 | Tomb:1   | Killed a greater mummy
 40421 | Tomb:1   | HP: 12/258 [something (30)]
 40838 | Tomb:2   | Noticed a greater mummy
 40839 | Tomb:2   | Noticed a greater mummy
 40880 | Tomb:2   | Killed a greater mummy
 40885 | Tomb:2   | Noticed a greater mummy
 40885 | Tomb:2   | Noticed a greater mummy
 41161 | Tomb:2   | Killed a greater mummy
 41213 | Tomb:2   | Killed a greater mummy
 41294 | Tomb:2   | Killed a greater mummy
 41521 | Tomb:1   | Noticed a greater mummy
 41526 | Tomb:1   | Killed a greater mummy
 41547 | Tomb:1   | Noticed a greater mummy
 41554 | Tomb:1   | Noticed a greater mummy
 41556 | Tomb:1   | Killed a greater mummy
 41564 | Tomb:1   | Killed a greater mummy
 41665 | Tomb:1   | Noticed a greater mummy
 41674 | Tomb:1   | Noticed a greater mummy
 41677 | Tomb:1   | Killed a greater mummy
 41682 | Tomb:1   | Killed a greater mummy
 41682 | Tomb:1   | Reached XP level 26. HP: 139/205 MP: 43/43
 41682 | Tomb:1   | Noticed a greater mummy
 41699 | Tomb:1   | Killed a greater mummy
 41783 | Tomb:1   | Noticed a greater mummy
 41806 | Tomb:1   | Killed a greater mummy
 41806 | Tomb:1   | Reached skill level 15 in Charms
 41881 | Tomb:1   | Noticed a greater mummy
 41894 | Tomb:1   | Killed a greater mummy
 41980 | Tomb:1   | Noticed a greater mummy
 41990 | Tomb:1   | Killed a greater mummy
 41994 | Tomb:1   | Noticed a greater mummy
 41999 | Tomb:1   | Killed a greater mummy
 42002 | Tomb:1   | Noticed a greater mummy
 42002 | Tomb:1   | Noticed a greater mummy
 42008 | Tomb:1   | Noticed a greater mummy
 42010 | Tomb:1   | Killed a greater mummy
 42011 | Tomb:1   | Paralysed by the power of Zot for 2 turns
 42016 | Tomb:1   | Killed a greater mummy
 42021 | Tomb:1   | Killed a greater mummy
 42136 | Tomb:1   | Noticed a greater mummy
 42155 | Tomb:1   | Killed a greater mummy
 42167 | Tomb:1   | Identified the +7 long sword of Floods {venom, rC+ Int+2}
 42263 | Tomb:2   | Reached skill level 18 in Invocations
 42597 | Tomb:3   | Entered Level 3 of the Tomb of the Ancients
 42617 | Tomb:3   | HP: 10/270 [bennu (13)]
 42762 | Tomb:3   | Killed Boris
 42783 | Tomb:3   | Noticed an ancient lich
 42786 | Tomb:3   | Killed an ancient lich
 42792 | Tomb:3   | Gained mutation: Your magical capacity is low. (-10% MP)
                  | [the power of Zot]
 42792 | Tomb:3   | Gained mutation: You do not regenerate when monsters are
                  | visible. [the power of Zot]
 42874 | Tomb:3   | Noticed a greater mummy
 42886 | Tomb:3   | Killed a greater mummy
 42908 | Tomb:3   | Reached XP level 27. HP: 146/215 MP: 40/40
 42916 | Tomb:3   | Noticed a greater mummy
 42983 | Tomb:3   | Killed a greater mummy
 42992 | Tomb:3   | Noticed a greater mummy
 42995 | Tomb:3   | Noticed a greater mummy
 43096 | Tomb:3   | Noticed a greater mummy
 43106 | Tomb:3   | Killed a greater mummy
 43124 | Tomb:3   | Killed a greater mummy
 43139 | Tomb:3   | Noticed a greater mummy
 43155 | Tomb:3   | Killed a greater mummy
 43254 | Tomb:3   | Identified the Reference Book on Malediction and the Birds
 43281 | Tomb:3   | Killed a greater mummy
 43492 | Tomb:3   | Identified the +3 large shield of the Eternal Void {MR-
                  | Str+3} (You found it on level 3 of the Tomb of the
                  | Ancients)
 43496 | Tomb:3   | Got a scintillating jade ring
 43497 | Tomb:3   | Identified the ring of Bemivym {Fire +Fly} (You found it on
                  | level 3 of the Tomb of the Ancients)
 43538 | Tomb:3   | Noticed a greater mummy
 43543 | Tomb:3   | Killed a greater mummy
 43553 | Tomb:3   | Noticed a greater mummy
 43556 | Tomb:3   | Killed a greater mummy
 43581 | Tomb:3   | Got a golden rune of Zot
 44059 | Vaults:1 | Cast into level 5 of the Abyss (a distortion unwield)
 44059 | Abyss:5  | Entered Level 5 of the Abyss
 44063 | Abyss:5  | Gained mutation: You are clumsy. (Dex -2) [mutagenic glow]
 44074 | Abyss:5  | Gained mutation: Your magical capacity is very low. (-20%
                  | MP) [mutagenic glow]
 44078 | Abyss:5  | Lost mutation: Your magical capacity is very low. (-20% MP)
                  | [potion of mutation]
 44078 | Abyss:5  | Lost mutation: Your magical capacity is low. (-10% MP)
                  | [potion of mutation]
 44078 | Abyss:5  | Gained mutation: You are very clumsy. (Dex -4) [potion of
                  | mutation]
 44078 | Abyss:5  | Lost mutation: You are very clumsy. (Dex -4) [potion of
                  | mutation]
 44078 | Abyss:5  | Gained mutation: You have a pair of horns on your head.
                  | [potion of mutation]
 44079 | Abyss:5  | Lost mutation: You are clumsy. (Dex -2) [potion of
                  | mutation]
 44079 | Abyss:5  | Lost mutation: You have a pair of horns on your head.
                  | [potion of mutation]
 44079 | Abyss:5  | Lost mutation: Your muscles are strong. (Str +2) [potion of
                  | mutation]
 44079 | Abyss:5  | Lost mutation: You have a pair of small horns on your head.
                  | [potion of mutation]
 44079 | Abyss:5  | Gained mutation: Scrolls take you a little longer to read.
                  | [potion of mutation]
 44079 | Abyss:5  | Gained mutation: You are dopey. (Int -2) [potion of
                  | mutation]
 44079 | Abyss:5  | Lost mutation: You are dopey. (Int -2) [potion of mutation]
 44079 | Abyss:5  | Gained mutation: You are surrounded by a mild repulsion
                  | field. (EV +2) [potion of mutation]
 44088 | Abyss:5  | Gained mutation: Your magical capacity is low. (-10% MP) [a
                  | neqoxec]
 44097 | Abyss:5  | Gained mutation: Scrolls take you longer to read.
                  | [mutagenic glow]
 44175 | Abyss:5  | Paralysed by you for 5 turns
 44209 | Abyss:5  | Got an abyssal rune of Zot
 44229 | Vaults:1 | Escaped the Abyss
 44234 | Vaults:1 | Lost mutation: Scrolls take you longer to read. [potion of
                  | mutation]
 44234 | Vaults:1 | Lost mutation: Scrolls take you a little longer to read.
                  | [potion of mutation]
 44234 | Vaults:1 | Lost mutation: You occasionally shout uncontrollably at
                  | your foes. [potion of mutation]
 44234 | Vaults:1 | Gained mutation: You are partially covered in molten
                  | scales. (AC +2) [potion of mutation]
 44234 | Vaults:1 | Gained mutation: Your skin changes colour to match your
                  | surroundings (Stealth+). [potion of mutation]
 44235 | Vaults:1 | Lost mutation: Your magical capacity is low. (-10% MP)
                  | [potion of mutation]
 44235 | Vaults:1 | Lost mutation: You are resistant to electric shocks.
                  | (rElec) [potion of mutation]
 44235 | Vaults:1 | Lost mutation: You do not regenerate when monsters are
                  | visible. [potion of mutation]
 44235 | Vaults:1 | Gained mutation: Your magical capacity is low. (-10% MP)
                  | [potion of mutation]
 44235 | Vaults:1 | Gained mutation: Your flesh is heat resistant. (rF+)
                  | [potion of mutation]
 44235 | Vaults:1 | Gained mutation: Your mind is acute. (Int +2) [potion of
                  | mutation]
 44382 | Depths:1 | Entered Level 1 of the Depths
 44430 | Depths:1 | Reached skill level 15 in Conjurations
 44430 | Depths:1 | Reached skill level 15 in Hexes
 44430 | Depths:1 | Reached skill level 15 in Summonings
 44430 | Depths:1 | Reached skill level 15 in Necromancy
 44430 | Depths:1 | Reached skill level 15 in Translocations
 44430 | Depths:1 | Reached skill level 15 in Transmutations
 44430 | Depths:1 | Reached skill level 15 in Fire Magic
 44430 | Depths:1 | Reached skill level 15 in Ice Magic
 44430 | Depths:1 | Reached skill level 15 in Air Magic
 44430 | Depths:1 | Reached skill level 15 in Earth Magic
 44430 | Depths:1 | Reached skill level 15 in Poison Magic
 44782 | Depths:1 | Found a one-way gate to the infinite horrors of the Abyss.
 44799 | Depths:1 | Found a gateway to Hell.
 45376 | Depths:2 | Found an opulent altar of Gozag.
 45405 | Depths:2 | Found a bloodstained altar of Trog.
 45406 | Depths:2 | Found a gateway to a ziggurat.
 45479 | Depths:2 | Learned a level 9 spell: Shatter
 45480 | Depths:2 | Noticed a juggernaut
 45491 | Depths:2 | Killed a juggernaut
 45554 | Depths:2 | Reached skill level 19 in Invocations
 45704 | Depths:2 | Noticed Sojobo
 45704 | Depths:2 | Identified the +1 faerie dragon scales {rPois rF++ rCorr
                  | Dex-5 SInv}
 45704 | Depths:2 | Noticed the Enchantress
 45705 | Depths:2 | Found an ancient bone altar of Kikubaaqudgha.
 45711 | Depths:2 | Killed the Enchantress
 45781 | Depths:2 | Killed Sojobo
 46043 | Depths:2 | Found an ornate altar of the Wu Jian Council.
 46190 | Depths:2 | Identified the cursed +3 war axe of Valiance {chop, Str-3
                  | Int+5 Dex+4}
 46341 | Depths:3 | Found a one-way gate leading to the halls of Pandemonium.
 46521 | Depths:3 | Noticed Boris
 46532 | Depths:3 | Killed Boris
 47691 | Depths:3 | Identified the ring "Mafriw" {+Fly rF- rN+ Str-4 Dex+7}
                  | (You found it on level 3 of the Depths)
 48389 | Depths:4 | Noticed Louise
 48403 | Depths:4 | Killed Louise
 48811 | Depths:5 | Entered Level 5 of the Depths
 48821 | Depths:5 | Noticed Boris
 48830 | Depths:5 | Killed Boris
 49212 | Depths:5 | Found a gate to the Realm of Zot.
 49220 | Depths:5 | Reached skill level 20 in Invocations
 50046 | Pan      | Entered Pandemonium
 50058 | Pan      | Gained mutation: You are frail. (-10% HP) [a cacodemon]
 50059 | Pan      | Gained mutation: You tend to lose your temper in combat. [a
                  | cacodemon]
 50188 | Pan      | Identified the +9 great mace of the Bear {crush, rElec rC-
                  | Str+5 Stlth+}
 50216 | Pan      | Noticed Zodghonn the pandemonium lord
 50247 | Pan      | Killed Zodghonn the pandemonium lord
 50282 | Pan      | Found a transporter.
 50483 | Pan      | Gained mutation: You are very frail. (-20% HP) [a
                  | cacodemon]
 50489 | Pan      | Found a transporter.
 50490 | Pan      | HP: 6/176 [starcursed mass/accursed screaming[a gelid
                  | corrupter] (8)]
 50490 | Pan      | HP: 1/176 [blizzard demon/the air (5)]
 50579 | Pan      | Lost mutation: You can translocate small distances at will.
                  | [potion of mutation]
 50579 | Pan      | Lost mutation: You are very frail. (-20% HP) [potion of
                  | mutation]
 50579 | Pan      | Gained mutation: You can translocate small distances at
                  | will. [potion of mutation]
 50579 | Pan      | Gained mutation: Scrolls take you a little longer to read.
                  | [potion of mutation]
 50579 | Pan      | Gained mutation: Your flesh is cold resistant. (rC+)
                  | [potion of mutation]
 50738 | Pan      | Noticed Etosk the pandemonium lord
 50746 | Pan      | Killed Etosk the pandemonium lord
 51167 | Pan      | Entered the realm of Lom Lobon.
 51322 | Pan      | Noticed Lom Lobon
 51339 | Pan      | Killed from afar by Lom Lobon

Skill      XL: |  1  2  3  4  5  6  7  8  9 10 11 12 13 14 15 16 17 18 19 20 21 22 23 24 25 26 27 |
---------------+----------------------------------------------------------------------------------+-----
Spellcasting   | 5 6 7 8 9 10 11 12 13 14 15 16 17 19 | 19.4
Invocations    | 1 2 3 4 5 6 7 8 9 10 11 12 13 14 15 16 17 18 20 | 20.4
Short Blades   | 1 2 3 4 5 6 7 8 9 10 11 12 13 14 15 16 19 | 19.0
Long Blades    | 1 2 3 4 5 6 7 8 9 10 11 12 13 14 15 16 19 | 19.0
Axes           | 1 2 3 4 5 6 7 8 9 10 11 12 13 14 15 16 19 | 19.0
Maces & Flails | 1 2 3 4 5 6 7 8 9 10 11 12 13 14 15 16 19 | 19.0
Polearms       | 1 2 3 4 5 6 7 8 9 10 11 12 13 14 15 16 19 | 19.0
Staves         | 1 2 3 4 5 6 7 8 9 10 11 12 13 14 15 16 19 | 19.0
Slings         | 1 2 3 4 5 6 7 8 9 10 11 12 13 14 15 16 17 19 | 19.4
Bows           | 1 2 3 4 5 6 7 8 9 10 11 12 13 14 15 16 19 | 19.0
Crossbows      | 1 2 3 4 5 6 7 8 9 10 11 12 13 14 15 16 19 | 19.0
Throwing       | 1 2 3 4 5 6 7 8 9 10 11 12 13 14 15 16 19 | 19.0
Stealth        | 1 2 3 4 5 6 7 8 9 10 11 12 13 14 15 16 19 | 19.0
Shields        | 1 2 3 4 5 6 7 8 9 10 11 12 13 14 15 16 19 | 19.0
Evocations     | 1 2 3 4 5 6 7 8 9 10 11 12 13 14 15 16 19 | 19.0
Conjurations   | 1 2 3 4 5 6 7 8 9 10 11 12 13 14 16 | 16.4
Hexes          | 1 2 3 4 5 6 7 8 9 10 11 12 13 14 16 | 16.4
Summonings     | 1 2 3 4 5 6 7 8 9 10 11 12 13 14 16 | 16.4
Necromancy     | 1 2 3 4 5 6 7 8 9 10 11 12 13 14 16 | 16.4
Translocations | 1 2 3 4 5 6 7 8 9 10 11 12 13 14 16 | 16.4
Transmutations | 1 2 3 4 5 6 7 8 9 10 11 12 13 14 16 | 16.4
Fire Magic     | 1 2 3 4 5 6 7 8 9 10 11 12 13 14 16 | 16.4
Ice Magic      | 1 2 3 4 5 6 7 8 9 10 11 12 13 14 16 | 16.4
Air Magic      | 1 2 3 4 5 6 7 8 9 10 11 12 13 14 16 | 16.4
Earth Magic    | 1 2 3 4 5 6 7 8 9 10 11 12 13 14 16 | 16.4
Poison Magic   | 1 2 3 4 5 6 7 8 9 10 11 12 13 14 16 | 16.4
Armour         | 3 4 5 6 7 8 9 10 11 12 13 14 15 16 17 19 | 19.1
Fighting       | 5 6 7 8 9 10 11 12 13 14 15 16 17 19 | 19.4
Dodging        | 5 6 7 8 9 10 11 12 13 14 15 16 17 19 | 19.4
Unarmed Combat | 5 6 7 8 9 10 11 12 13 14 15 16 17 19 | 19.4
Charms         | 6 7 8 9 10 11 12 13 14 15 17 | 17.1

Action                   |  1- 3 |  4- 6 |  7- 9 | 10-12 | 13-15 | 16-18 | 19-21 | 22-24 | 25-27 || total
-------------------------+-------+-------+-------+-------+-------+-------+-------+-------+-------++-------
Melee: Unarmed           |    60 |    24 |     1 |    31 |   999 |  1317 |   864 |   823 |  1653 ||  5772
       Bite              |     8 |    16 |    47 |   137 |   353 |   246 |   180 |   161 |   336 ||  1484
       Punch             |     1 |     3 |     9 |    10 |       |       |       |       |       ||    23
       Dagger            |       |   118 |   214 |       |       |       |       |       |       ||   332
       Falchion          |       |       |   135 |   377 |       |       |       |       |       ||   512
       Demon blade       |       |       |       |   204 |   305 |       |       |       |       ||   509
       Headbutt          |       |       |       |       |       |       |   201 |   284 |   148 ||   633
 Cast: Infusion          |     1 |     2 |       |       |       |       |       |       |       ||     3
       Statue Form       |       |       |       |       |    17 |    74 |    55 |    48 |   118 ||   312
       Regeneration      |       |       |       |       |     2 |    23 |    28 |    21 |   105 ||   179
       Shadow Creatures  |       |       |       |       |       |     3 |     9 |       |     2 ||    14
       Summon Forest     |       |       |       |       |       |     1 |    13 |     3 |     4 ||    21
       Summon Lightning  |       |       |       |       |       |       |     9 |       |     2 ||    11
       Aura of Abjuratio |       |       |       |       |       |       |     4 |       |       ||     4
       Borgnjor's Vile C |       |       |       |       |       |       |     5 |    25 |    79 ||   109
       Olgreb's Toxic Ra |       |       |       |       |       |       |       |     3 |       ||     3
       Deflect Missiles  |       |       |       |       |       |       |       |     1 |     3 ||     4
       Shroud of Golubri |       |       |       |       |       |       |       |       |     1 ||     1
Invok: Slouch            |       |       |       |     2 |     9 |     2 |     6 |     1 |    14 ||    34
       Temporal Distorti |       |       |       |       |       |       |       |       |     1 ||     1
Evoke: Wand              |       |       |       |     2 |    18 |       |       |       |     2 ||    22
       Lamp of fire      |       |       |       |       |     1 |       |     1 |     3 |     7 ||    12
       Phial of floods   |       |       |       |       |       |       |       |     1 |       ||     1
       Sack of spiders   |       |       |       |       |       |       |       |     1 |       ||     1
       Box of beasts     |       |       |       |       |       |       |       |       |     1 ||     1
  Use: Potion            |       |       |     7 |     2 |     5 |       |     6 |     1 |     9 ||    30
       Scroll            |       |       |    17 |     8 |    17 |     7 |     6 |     9 |    16 ||    80
 Stab: Sleeping          |     2 |       |     9 |       |     6 |    18 |    14 |     7 |    17 ||    73
       Distracted        |       |     1 |     1 |       |     4 |     3 |    10 |     2 |     6 ||    27
       Paralysed         |       |       |       |       |    10 |       |       |       |       ||    10
       Confused          |       |       |       |       |       |     2 |       |       |     3 ||     5
  Eat: Chunk             |       |     7 |    10 |     9 |     4 |     4 |       |       |       ||    34
       Ration            |       |       |     1 |     3 |     6 |    11 |     5 |     5 |    12 ||    43
Armor: Leather armour    |     9 |    27 |    42 |       |    31 |    21 |    20 |       |       ||   150
       Skin              |       |       |     1 |    57 |   115 |   509 |   394 |   336 |   509 ||  1921
       Plate armour      |       |       |   147 |   273 |   254 |       |       |       |       ||   674
       Ring mail         |       |       |       |       |       |       |       |     9 |    16 ||    25
Dodge: Dodged            |    44 |    88 |   248 |   420 |  1489 |  2794 |  1432 |  1308 |  3041 || 10864
       Deflected         |       |       |       |       |       |       |       |     8 |    14 ||    22
Block: Shield            |       |       |       |   222 |  1397 |  2026 |   561 |       |       ||  4206
       Large shield      |       |       |       |       |       |       |   784 |  1718 |  4121 ||  6623
       Reflection        |       |       |       |       |       |       |       |     4 |   104 ||   108
       Rpst.: Falchion   |       |       |    42 |    74 |       |       |       |       |       ||   116
       Demon blade       |       |       |       |    41 |    50 |       |       |       |       ||    91
